2279 views
Uploaded 2024-03-10 03:18:11
Game version 1.36 (6115)
23:30 long 1on2 private game on (4)losttemple
Saved by Alex11Chr
2279 views
Uploaded 2024-03-10 03:18:11
Game version 1.36 (6115)
23:30 long 1on2 private game on (4)losttemple

83 units @ 11.6k
/ 1.2k
25 buildings @ 4.1k
/ 1.2k

| Healing Salve | 1 | 100 |
| Lesser Clarity Potion | 3 | 210 |
| Potion of Mana | 1 | 200 |
| total: | 5 | 510g |
| Peon | 6 | 450 | / | 0 |
| Troll Headhunter | 43 | 6020 | / | 860 |
| total: | 49 | 6470g | / | 860w |
| Watch Tower | 2 | 220 | / | 160 |
| Altar of Storms | 1 | 180 | / | 50 |
| Orc Burrow | 4 | 640 | / | 160 |
| Barracks | 4 | 720 | / | 200 |
| War Mill | 1 | 205 | / | 0 |
| Voodoo Lounge | 1 | 130 | / | 30 |
| total: | 13 | 2095g | / | 600w |
| 0:06 | Altar of Storms |
| 0:10 | Peon |
| 0:13 | Orc Burrow |
| 0:22 | Barracks |
| 0:33 | Peon |
| 0:45 | Peon |
| 0:58 | Peon |
| 1:07 | Peon |
| 1:32 | War Mill |
| 2:04 | Peon |
| 2:21 | Voodoo Lounge |
| 2:28 | Barracks |
| 2:46 | Orc Burrow |
| 3:01 | Troll Headhunter |
| 3:06 | Feral Spirit |
| 3:31 | Watch Tower |
| 3:40 | Troll Headhunter |
| 4:00 | Troll Headhunter |
| 4:07 | Healing Salve |
| 4:07 | Lesser Clarity Potion |
| 4:15 | Orc Burrow |
| 4:22 | Troll Headhunter |
| 4:33 | Watch Tower |
| 4:53 | Troll Headhunter |
| 5:26 | Troll Headhunter |
| 5:56 | Troll Headhunter |
| 6:19 | Chain Lighting |
| 6:26 | Troll Headhunter |
| 6:52 | Steel Ranged Weapons |
| 6:54 | Troll Headhunter |
| 7:39 | Troll Headhunter |
| 8:06 | Barracks |
| 8:13 | Barracks |
| 8:19 | Troll Headhunter |
| 8:39 | Troll Headhunter |
| 8:55 | Troll Headhunter |
| 9:10 | Troll Headhunter |
| 9:21 | Troll Headhunter |
| 9:32 | Lesser Clarity Potion |
| 9:45 | Troll Headhunter |
| 10:03 | Troll Headhunter |
| 10:13 | Steel Armor |
| 10:39 | Orc Burrow |
| 11:38 | Chain Lighting |
| 12:03 | Troll Headhunter |
| 12:29 | Troll Headhunter |
| 13:01 | Troll Headhunter |
| 13:27 | Troll Headhunter |
| 13:54 | Troll Headhunter |
| 14:46 | Troll Headhunter |
| 15:06 | Troll Headhunter |
| 15:18 | Troll Headhunter |
| 15:27 | Troll Headhunter |
| 15:57 | Troll Headhunter |
| 16:05 | Troll Headhunter |
| 16:43 | Troll Headhunter |
| 16:43 | Troll Headhunter |
| 16:48 | Troll Headhunter |
| 17:05 | Feral Spirit |
| 17:09 | Lesser Clarity Potion |
| 17:11 | Potion of Mana |
| 17:24 | Troll Headhunter |
| 18:16 | Troll Headhunter |
| 18:39 | Troll Headhunter |
| 19:05 | Troll Headhunter |
| 19:31 | Troll Headhunter |
| 19:52 | Troll Headhunter |
| 20:08 | Troll Headhunter |
| 20:29 | Chain Lighting |
| 20:39 | Troll Headhunter |
| 20:56 | Troll Headhunter |
| 20:58 | Troll Headhunter |
| 21:27 | Troll Headhunter |
| 21:47 | Troll Headhunter |
| Right click | 459 |
| Select | 334 |
| Select group | 159 |
| Build/train/purchase | 80 |
| Assign group | 57 |
| Misc. action | 18 |
| Use ability | 16 |
| Item give/drop | 1 |
| Esc | 1 |



| Healing Salve | 4 | 400 |
| Lesser Clarity Potion | 13 | 910 |
| Potion of Mana | 4 | 800 |
| Potion of Healing | 7 | 1050 |
| total: | 28 | 3160g |
| Peon | 7 | 525 | / | 0 |
| Grunt | 13 | 2600 | / | 0 |
| Troll Witch Doctor | 14 | 2030 | / | 350 |
| total: | 34 | 5155g | / | 350w |
| Altar of Storms | 2 | 360 | / | 100 |
| Orc Burrow | 4 | 640 | / | 160 |
| Barracks | 2 | 360 | / | 100 |
| War Mill | 1 | 205 | / | 0 |
| Voodoo Lounge | 2 | 260 | / | 60 |
| Spirit Lodge | 1 | 150 | / | 150 |
| Stronghold | 1 | 315 | / | 190 |
| Fortress | 1 | 325 | / | 190 |
| total: | 12 | 1975g | / | 570w |
| 0:05 | Peon |
| 0:05 | Peon |
| 0:10 | Altar of Storms |
| 0:12 | Orc Burrow |
| 0:33 | Barracks |
| 0:41 | Peon |
| 0:59 | Peon |
| 1:01 | Peon |
| 1:25 | Peon |
| 1:37 | Orc Burrow |
| 1:43 | Grunt |
| 2:07 | War Mill |
| 2:13 | Healing Wave |
| 2:20 | Voodoo Lounge |
| 2:37 | Orc Burrow |
| 2:54 | Grunt |
| 3:30 | Stronghold |
| 4:02 | Grunt |
| 4:31 | Grunt |
| 4:39 | Healing Salve |
| 4:40 | Lesser Clarity Potion |
| 4:49 | Steel Armor |
| 4:50 | Steel Melee Weapons |
| 5:53 | Berserker Strength |
| 5:55 | Grunt |
| 6:11 | Lesser Clarity Potion |
| 6:12 | Lesser Clarity Potion |
| 6:15 | Healing Salve |
| 6:24 | Peon |
| 6:56 | Fortress |
| 7:07 | Chain Lighting |
| 7:37 | Lesser Clarity Potion |
| 7:37 | Lesser Clarity Potion |
| 7:40 | Hex |
| 7:49 | Grunt |
| 7:56 | Spirit Lodge |
| 8:01 | Spiked Barricades |
| 8:07 | Voodoo Lounge |
| 8:14 | Lesser Clarity Potion |
| 8:19 | Healing Salve |
| 8:39 | Orc Burrow |
| 9:03 | Lesser Clarity Potion |
| 9:12 | Witch Doctor Adept Training |
| 9:58 | Potion of Mana |
| 10:03 | Potion of Healing |
| 10:14 | Healing Salve |
| 10:29 | Potion of Healing |
| 10:56 | Barracks |
| 11:01 | Endurance Aura |
| 11:23 | Potion of Healing |
| 11:23 | Potion of Mana |
| 11:33 | Feral Spirit |
| 12:02 | Grunt |
| 12:02 | Grunt |
| 12:09 | Witch Doctor Master Training |
| 12:13 | Hex |
| 12:41 | Altar of Storms |
| 12:56 | Troll Witch Doctor |
| 12:57 | Troll Witch Doctor |
| 13:25 | Potion of Healing |
| 13:27 | Potion of Mana |
| 13:30 | Shockwave |
| 15:06 | Troll Witch Doctor |
| 15:06 | Troll Witch Doctor |
| 15:06 | Troll Witch Doctor |
| 15:07 | Troll Witch Doctor |
| 15:08 | Grunt |
| 15:43 | Grunt |
| 16:01 | Troll Witch Doctor |
| 16:01 | Troll Witch Doctor |
| 16:22 | Potion of Healing |
| 16:23 | Lesser Clarity Potion |
| 17:04 | Potion of Healing |
| 17:05 | Potion of Mana |
| 17:05 | Lesser Clarity Potion |
| 17:08 | Lesser Clarity Potion |
| 17:12 | Lesser Clarity Potion |
| 17:32 | Grunt |
| 18:22 | Healing Wave |
| 18:24 | Feral Spirit |
| 18:26 | Endurance Aura |
| 19:05 | Troll Witch Doctor |
| 19:06 | Troll Witch Doctor |
| 19:06 | Troll Witch Doctor |
| 19:06 | Troll Witch Doctor |
| 21:02 | Troll Witch Doctor |
| 21:02 | Troll Witch Doctor |
| 21:07 | Thorium Armor |
| 21:08 | Thorium Melee Weapons |
| 21:11 | Grunt |
| 21:11 | Grunt |
| 21:16 | Chain Lighting |
| 21:32 | Potion of Healing |
| 21:33 | Lesser Clarity Potion |
| 21:33 | Lesser Clarity Potion |
| 21:46 | Healing Wave |
| Right click | 1773 |
| Select | 213 |
| Select group | 207 |
| Build/train/purchase | 118 |
| Use ability | 66 |
| Assign group | 51 |
| Item give/drop | 15 |
| Minimap ping | 1 |